 Dungeon Crawl Stone Soup version 0.27-a0-34-gc18c9092ac (webtiles) character file.

Game seed: 9290866228790657883

49 pistachioham the Vexing (level 3, 0/28 HPs)
             Began as a Gnoll Arcane Marksman on Jan 4, 2021.
             Was an Initiate of Sif Muna.
             Succumbed to an adder's poison
             ... on level 2 of the Dungeon.
             The game lasted 00:09:44 (1699 turns).

pistachioham the Vexing (Gnoll Arcane Marksman)     Turns: 1699, Time: 00:09:45

Health: 0/28       AC:  4    Str: 11 (14) XL:     3   Next: 75%
Magic:  7/7        EV: 14    Int: 15 (16) God:    Sif Muna [......]
Gold:   66         SH:  0    Dex: 14 (15) Spells: 6/7 levels left

rFire    + . .     SeeInvis .   b - +0 dagger
rCold    . . .     Faith    .   (no shield)
rNeg     . . .     Spirit   .   e - +0 robe
rPois    .         Reflect  .   (helmet restricted)
rElec    .         Harm     .   (no cloak)
rCorr    .         Rampage  .   (no gloves)
Will     .....                  (no boots)
Stlth    ++........             (no amulet)
HPRegen  0.09/turn              c - ring of protection from fire
MPRegen  0.10/turn              (no ring)

@: lethally poisoned (0 -> -7)
A: distributed training, fangs 1, horns 1, icy blue scales 1, strong 1, strong
nose
a: Renounce Religion


You were on level 2 of the Dungeon.
You worshipped Sif Muna.
Sif Muna was noncommittal.
You visited 1 branch of the dungeon, and saw 2 of its levels.

You collected 66 gold pieces.

Inventory:

Hand Weapons
 a - a +0 hand crossbow
 b - a +0 dagger (weapon)
 j - a +0 hand axe
 l - a +0 whip
Missiles
 d - 17 bolts
Armour
 e - a +0 robe (worn)
Jewellery
 c - a ring of protection from fire (left hand)
 k - an uncursed ring of magical power {unknown}
Scrolls
 f - 3 scrolls of remove curse {unknown}
 h - a scroll of fear {unknown}


   Skills:
 + Level 2.6 Fighting
 + Level 0.9 Short Blades
 + Level 0.9 Long Blades
 + Level 0.9 Axes
 + Level 0.9 Maces & Flails
 + Level 0.9 Polearms
 + Level 0.9 Staves
 + Level 0.9 Slings
 + Level 0.9 Bows
 + Level 4.5 Crossbows
 + Level 0.9 Throwing
 + Level 0.9 Armour
 + Level 4.5 Dodging
 + Level 0.9 Stealth
 + Level 0.9 Shields
 + Level 0.9 Unarmed Combat
 + Level 2.8 Spellcasting
 + Level 0.6 Conjurations
 + Level 5.4 Hexes
 + Level 0.6 Summonings
 + Level 0.6 Necromancy
 + Level 0.6 Translocations
 + Level 0.6 Transmutations
 + Level 0.6 Fire Magic
 + Level 0.6 Ice Magic
 + Level 0.6 Air Magic
 + Level 0.6 Earth Magic
 + Level 0.6 Poison Magic
 + Level 1.0 Invocations
 + Level 0.9 Evocations


You had 6 spell levels left.
You knew the following spells:

 Your Spells              Type           Power        Failure   Level
a - Corona                Hex            20%          2%          1

Your spell library contained the following spells:

 Spells                   Type           Power        Failure   Level
 Slow                     Hex            18%          3%          2
 Inner Flame              Hex/Fire       11%          17%         3
 Portal Projectile        Hex/Tloc       22%          17%         3
 Cause Fear               Hex            9%           22%         4
 Leda's Liquefaction      Hex/Erth       5%           50%         4


Dungeon Overview and Level Annotations

Branches:
Dungeon (2/15)

Altars:
Kikubaaqudgha
Okawaru
Ru
Sif Muna
Xom

Annotations:
D:2 Terence


Innate Abilities, Weirdness & Mutations

Your experience applies equally to all skills.
You have very sharp teeth.
Your uncanny sense of smell can sniff out nearby items.
You have a pair of small horns on your head.
You are partially covered in icy blue scales. (AC +2)
Your muscles are strong. (Str +2)


Message History

There was something very wrong with that liquid.
You feel weakened.
You feel dopey.
You feel clumsy.
* * * LOW HITPOINT WARNING * * *
You feel sick. The adder closely misses you. x2
It was a potion of mutation.
You feel extremely strange.
Icy blue scales grow over part of your body.
You feel stronger. A pair of horns grows on your head!
* * * LOW HITPOINT WARNING * * *
You feel sick. The adder closely misses you.
Unknown command.
Unknown command.
Unknown command.
Unknown command.
You miss the adder.
The adder is heavily wounded.
The adder bites you.
* * * LOW HITPOINT WARNING * * *
You hit the adder but do no damage.
The adder is heavily wounded.
You die...

# ## ######### ..#......
.#####.......# ........#.#
...<.#.♣.♣.♣.# #.#.....#.##
...###.......###.#........
##..........<#...#.....#.#
#.#.#.......#.........#.###
#.###.♣.♣.♣.#...#.........!
.#..##.......#.S@.....)..###
.##.##########...#..........
.#....# .. #######.###.#.
.....## .#.# ##.## ∆ .###.#
.#.######...##### .#
#.#####.#.##...##.##...## .#
#......)..#.8.8.#.#.8.8.######
#.........#.._..#.#.._..#....#
#...(.....#.8...#.#.).8.#.^_.#


You could see an adder.

Vanquished Creatures
  An adder (D:2)
  A dart slug (D:1)
  3 leopard geckos (D:1)
  2 giant cockroaches
  6 goblins
  6 hobgoblins
  4 kobolds
  2 bats (D:2)
  2 frilled lizards (D:1)
  7 rats
34 creatures vanquished.

Vanquished Creatures (others)
  A human (D:2)
1 creature vanquished.

Grand Total: 35 creatures vanquished

Notes
Turn   | Place    | Note
-------+----------+-------------------------------------------
     0 | D:1      | pistachioham the Gnoll Arcane Marksman began the quest for
                  | the Orb.
     0 | D:1      | Reached XP level 1. HP: 17/17 MP: 4/4
   175 | D:1      | Reached XP level 2. HP: 21/23 MP: 3/5
   801 | D:1      | Reached XP level 3. HP: 28/28 MP: 4/7
  1277 | D:2      | Reached skill level 1 in Invocations
  1463 | D:2      | Noticed Terence
  1532 | D:2      | Found a shimmering blue altar of Sif Muna.
  1536 | D:2      | Became a worshipper of Sif Muna the Loreminder
  1543 | D:2      | Found an ancient bone altar of Kikubaaqudgha.
  1544 | D:2      | Noticed a human
  1546 | D:2      | Killed a human
  1559 | D:2      | Found a shimmering altar of Xom.
  1570 | D:2      | Found a sacrificial altar of Ru.
  1588 | D:2      | Found an iron altar of Okawaru.
  1697 | D:2      | Gained mutation: You are partially covered in icy blue
                  | scales. (AC +2) [potion of mutation]
  1697 | D:2      | Gained mutation: Your muscles are strong. (Str +2) [potion
                  | of mutation]
  1697 | D:2      | Gained mutation: You have a pair of small horns on your
                  | head. [potion of mutation]
  1698 | D:2      | HP: 1/28 [adder (3)]
  1699 | D:2      | Succumbed to an adder's poison

Illustrated notes

Levels and vault maps discovered:
D:1:      scummos_arrival_star, layout_loops_corners
D:2:      layout_rooms, bloody_trog, grunt_temple_overflow_cloverleaf,
          minmay_statues_item, grunt_ministairs_3, tgw_kikubaaqudgha,
          uniq_crazy_yiuf_cottage, uniq_terence, uniq_sigmund

Skill      XL: |  1  2  3 |
---------------+----------+-----
Invocations    | 1 |  1.0
Fighting       | |  2.6
Short Blades   | |  0.9
Long Blades    | |  0.9
Axes           | |  0.9
Maces & Flails | |  0.9
Polearms       | |  0.9
Staves         | |  0.9
Slings         | |  0.9
Bows           | |  0.9
Crossbows      | |  4.5
Throwing       | |  0.9
Armour         | |  0.9
Dodging        | |  4.5
Stealth        | |  0.9
Shields        | |  0.9
Unarmed Combat | |  0.9
Spellcasting   | |  2.8
Conjurations   | |  0.6
Hexes          | |  5.4
Summonings     | |  0.6
Necromancy     | |  0.6
Translocations | |  0.6
Transmutations | |  0.6
Fire Magic     | |  0.6
Ice Magic      | |  0.6
Air Magic      | |  0.6
Earth Magic    | |  0.6
Poison Magic   | |  0.6
Evocations     | |  0.9

Action                   || total
-------------------------++-------
Melee: Whip              ||   102
       Bite              ||     9
       Punch             ||     1
       Dagger            ||    11
 Fire: Hand crossbow     ||     6
 Cast: Corona            ||    19
  Use: Potion            ||     3
 Stab: Sleeping          ||     3
Armor: Robe              ||    16
Dodge: Dodged            ||    60

Table legend: (Time is in decaauts)
 A = Elapsed time spent in this place.
 B = Non-inter-level travel time spent in this place.
 C = Inter-level travel time spent in this place.
 D = Time resting spent in this place.
 E = Time spent auto-exploring this place.
 F = Levels seen in this place.
 G = Mean time per level.
                   A        B        C        D        E       F      G
               +--------+--------+--------+--------+--------+-----+--------+
         Total |   1699 |   1641 |     58 |    508 |    280 |   2 |  849.5 |
       Dungeon |   1699 |   1641 |     58 |    508 |    280 |   2 |  849.5 |
               +--------+--------+--------+--------+--------+-----+--------+

Top non-repeatable levels by time:
     D:1: 1247 daAuts
     D:2: 451 daAuts
